 Dungeon Crawl Stone Soup version 0.21-a0-531-gacddea6 (webtiles) character file.

145 Gerstahl the Slasher (level 5, 0/42 HPs)
             Began as a Merfolk Gladiator on Dec 13, 2017.
             Killed by divine providence
             ... invoked by an orc priest
              (13 damage)
             ... on level 4 of the Dungeon.
             The game lasted 00:03:50 (2868 turns).

Gerstahl the Slasher (Merfolk Gladiator)            Turns: 2868, Time: 00:03:51

Health: 0/42       AC:  4    Str: 12 (14) XL:     5   Next: 27%
Magic:  5/5        EV: 14    Int:  6 (8)  God:
Gold:   202        SH:  0    Dex: 15 (16) Spells: 4/4 levels left

rFire    + . .     SeeInvis .   a - +0 long sword
rCold    + . .     Gourm    .   (no shield)
rNeg     + . .     Faith    .   b - +0 leather armour
rPois    +         Spirit   .   c - +0 helmet
rElec    .         Reflect  .   s - scarf {rC+ rF+}
rCorr    .         Harm     .   (no gloves)
MR       .....                  (no boots)
Stlth    +.........             (no amulet)
HPRegen  0.14/turn              l - ring of positive energy
MPRegen  0.09/turn              q - ring of poison resistance

@: no status effects
A: change form in water, swift swim, stealthy swim
a: no special abilities


You were on level 4 of the Dungeon.
You were not hungry.

You visited 1 branch of the dungeon, and saw 4 of its levels.

You collected 202 gold pieces.

Inventory:

Hand Weapons
 a - a +0 long sword (weapon)
Missiles
 d - 5 throwing nets (quivered)
Armour
 b - a +0 leather armour (worn)
 c - a +0 helmet (worn)
 e - a +2 scale mail of positive energy
 s - a scarf of resistance (worn)
Jewellery
 l - a ring of positive energy (left hand)
 q - a ring of poison resistance (right hand)
Scrolls
 g - a scroll of remove curse {unknown}
 h - a scroll of enchant weapon {unknown}
 k - a scroll of identify {unknown}
 n - a scroll of noise {unknown}
 p - 2 scrolls of teleportation {unknown}
 r - a scroll of fog {unknown}
Potions
 j - a potion of brilliance {unknown}
 t - a potion of flight
Comestibles
 f - 3 bread rations
 o - 3 meat rations
 u - 2 chunks of flesh


   Skills:
 + Level 4.1 Fighting
 + Level 5.1 Long Blades
 - Level 2.0 Throwing
 - Level 4.1 Dodging


You had 4 spell levels left.
You didn't know any spells.

Dungeon Overview and Level Annotations

Branches:
Dungeon (4/15)
 Temple: D:4-7

Altars:


Message History

You hit the giant cockroach.
You kill the giant cockroach!
The orc priest shouts!
Found 14 gold pieces.
A leopard gecko comes into view.
A worker ant comes into view.
The worker ant twitches its antennae in your direction.
An orc comes into view.
It is wielding a dagger. 2 orc priests come into view.
The orc shouts!
The orc priest shouts!
You hear an angry hiss.
A quokka and an orc come into view.
There is a stone staircase leading up here.
You float gracefully downwards.
The centaur skeleton barely misses you.
You riposte.
You slash the centaur skeleton!
The centaur skeleton is moderately damaged.
The leopard gecko hisses angrily.
The centaur skeleton hits you.
The orc priest calls down the wrath of Beogh upon you.
Beogh smites you!
You die...

##..##
.......##
.........#####
#..............
.........$...
#...........#
#.......?.l.#
.........@.#
##....Z...#
##.........#
##.....o.#.##
##.....a###.#
#.....<## ..#
#.....o## ..#
......o .##
...>...


You could see a worker ant, 2 orc priests, an orc, a leopard gecko and a centaur
skeleton.

Vanquished Creatures
  A centaur zombie (D:3)
  An orc priest (D:3)
  2 adders (D:2)
  A dart slug (D:1)
  7 orcs (D:3)
  A ball python (D:3)
  9 bats
  3 giant cockroaches
  4 goblins
  4 hobgoblins
  5 jackals
  7 frilled lizards
  9 kobolds
  4 rats
58 creatures vanquished.

Notes
Turn   | Place    | Note
-------+----------+-------------------------------------------
     0 | D:1      | Gerstahl the Merfolk Gladiator began the quest for the Orb.
     0 | D:1      | Reached XP level 1. HP: 16/16 MP: 1/1
   381 | D:1      | Reached XP level 2. HP: 22/22 MP: 2/2
   649 | D:1      | Reached skill level 4 in Long Blades
   996 | D:2      | HP: 1/23 [poisoned by an adder]
   997 | D:2      | Reached XP level 3. HP: 26/28 MP: 3/3
  1911 | D:3      | Reached XP level 4. HP: 6/36 MP: 4/4
  2195 | D:3      | Reached skill level 5 in Long Blades
  2195 | D:3      | Reached XP level 5. HP: 28/42 MP: 5/5
  2450 | D:3      | HP: 2/42 [orc wizard/magic dart (6)]
  2455 | D:3      | HP: 1/42 [orc wizard/dagger (1)]
  2868 | D:4      | Killed from afar by an orc priest

Vault maps used:
D:1:      dpeg_arrival_round_c
D:2:      first_bread, st_stairs_8
D:3:      tso_altar
D:4:      serial_shops, kennysheep_mini, nicolae_shop_behind_doors, uniq_natasha

Skill      XL: |  1  2  3  4 |
---------------+-------------+-----
Long Blades    | 4 5 |  5.1
Fighting       | 3 4 |  4.1
Throwing       | |  2.0
Dodging        | |  4.1

Action                   |  1- 3 |  4- 6 || total
-------------------------+-------+-------++-------
Melee: Long sword        |   106 |    70 ||   176
Throw: Throwing net      |     1 |       ||     1
  Use: Potion            |     1 |     3 ||     4
 Stab: Sleeping          |     2 |       ||     2
  Eat: Chunk             |     2 |     2 ||     4
       Royal jelly       |     1 |       ||     1
Armor: Leather armour    |    42 |    13 ||    55
Dodge: Dodged            |    73 |    80 ||   153
       Rpst.: Long sword |    21 |    24 ||    45

Table legend:
 A = Spawn XP
 B = Non-spawn XP
 C = Spawn XP percentage of total XP
 D = Spawn monster count
 E = Non-spawn monster count
 F = Spawn count percentage of total count
 G = Total turns spent on level
                    A         B        C        D         E        F      G
               +---------+---------+-------+---------+---------+-------+---------
         Total |       0 |     208 |   0.0 |       0 |      58 |   0.0 |  2868
               +---------+---------+-------+---------+---------+-------+---------
           D:1 |       0 |      27 |   0.0 |       0 |      15 |   0.0 |   965
           D:2 |       0 |      52 |   0.0 |       0 |      19 |   0.0 |   933
           D:3 |       0 |     127 |   0.0 |       0 |      23 |   0.0 |   960
           D:4 |       0 |       2 |   0.0 |       0 |       1 |   0.0 |    10
               +---------+---------+-------+---------+---------+-------+---------
